 Dungeon Crawl Stone Soup version 0.19.1-1-g22dce08 (webtiles) character file.

2078 dvd the Tainter (level 9, -1/54 HPs)
             Began as an Octopode Venom Mage on Dec 28, 2016.
             Was an Initiate of Vehumet.
             Slain by a wolf (6 damage)
             ... led by Grum
             ... on level 8 of the Dungeon.
             The game lasted 00:19:28 (5273 turns).

dvd the Tainter (Octopode Venom Mage)               Turns: 5273, Time: 00:19:29

Health: -1/54      AC:  3    Str:  8      XL:     9   Next: 26%
Magic:  2/17       EV: 19    Int: 25      God:    Vehumet [......]
Gold:   501        SH:  7    Dex: 10 (12) Spells: 3 memorised, 9 levels left

rFire  . . .     SeeInvis .     B - +0 long sword
rCold  . . .     Gourm    .     D - +3 buckler
rNeg   . . .     Faith    .     (helmet restricted)
rPois  .         Spirit   .     t - amulet of regeneration
rElec  .         Reflect  .     y - ring of wizardry
rCorr  .         Harm     .     A - +2 ring of protection
MR     .....                    E - +5 ring of intelligence
Stlth  ++++......               s - +5 ring of evasion
                                H - ring of flight
                                (no ring)
                                (no ring)
                                (no ring)

@: no status effects
A: almost no armour, stealthy swim, amphibious, 8 rings, constrict 8, camouflage
1, gelatinous body 1
a: Renounce Religion, Evoke Flight


You were on level 8 of the Dungeon.
You worshipped Vehumet.
Vehumet was noncommittal.
You were very hungry.

You visited 2 branches of the dungeon, and saw 9 of its levels.
You also visited: Ossuary.

You collected 501 gold pieces.

Inventory:

Hand Weapons
 e - a +0 short sword
 B - a +0 long sword (weapon)
 G - a +1 scythe of venom
Armour
 j - a +0 shield
 D - a +3 buckler (worn)
Jewellery
 r - an uncursed amulet of rage
 s - a +5 ring of evasion (on tentacle)
 t - an amulet of regeneration (around mantle)
 y - a ring of wizardry (left tentacle)
 A - a +2 ring of protection (right tentacle)
 E - a +5 ring of intelligence (on tentacle)
 H - a ring of flight (on tentacle)
 I - an uncursed ring of fire
Scrolls
 g - a scroll of teleportation
 i - 3 scrolls of enchant armour
 k - 4 scrolls of remove curse
 q - 2 scrolls of recharging
 u - 8 scrolls of identify
 K - a scroll of blinking
 M - a scroll of fear
Potions
 d - 3 potions of curing
 n - a potion of cancellation
 o - a potion of might
 p - a potion of ambrosia
 v - a potion of cure mutation
 w - 2 potions of heal wounds
 x - a potion of brilliance
 z - a potion of haste
 O - a potion of agility
Books
 a - a Young Poisoner's Handbook

   Spells                             Type                      Level
   a - Sting                          Conjuration/Poison           1
   b - Mephitic Cloud                 Conjuration/Poison/Air       3
   c - Olgreb's Toxic Radiance        Poison                       4
   d - Alistair's Intoxication        Transmutation/Poison         5
   e - Venom Bolt                     Conjuration/Poison           5
Comestibles
 b - 5 bread rations
 c - 2 beef jerkies
 h - 3 meat rations
 l - 5 fruits


   Skills:
 + Level 2.2 Fighting
 + Level 1.8(3.4) Short Blades
 + Level 4.5(4.7) Long Blades
 + Level 3.7 Dodging
 + Level 5.1 Stealth
 * Level 3.4 Shields
 + Level 5.7 Spellcasting
 + Level 2.2 Conjurations
 + Level 8.3 Poison Magic


You had 9 spell levels left.
You knew the following spells:

 Your Spells              Type           Power        Failure   Level  Hunger
a - Sting                 Conj/Pois      ####         1%          1    None
b - Olgreb's Toxic Radia  Pois           #####...     1%          4    ###....
c - Venom Bolt            Conj/Pois      ####......   12%         5    #####..


Dungeon Overview and Level Annotations

Branches:
Dungeon (8/15)             Temple (1/1) D:6
   Lair: D:8-11

Altars:
Ashenzari
Cheibriados
Dithmenos
Elyvilon
Fedhas
Gozag
Hepliaklqana
Kikubaaqudgha
Makhleb
Nemelex Xobeh
Okawaru
Qazlal
Ru
Sif Muna
Trog
Uskayaw
Vehumet
Xom
Yredelemnul
Zin
The Shining One

Annotations:
D:6 loralnil's ghost, novice GrSk
D:8 Grum


Innate Abilities, Weirdness & Mutations

You cannot wear most types of armour.
You are very stealthy in the water. (Stealth+)
You are amphibious.
You can wear up to eight rings at the same time.
You can use your tentacles to constrict eight enemies at once.
Your skin changes colour to match your surroundings (Stealth+).
Your rubbery body absorbs attacks. (AC +1, EV +1)


Message History

Vehumet accepts your kill.
You feel your intelligence returning.
Casting: Olgreb's Toxic Radiance
Confirm with . or Enter, or press ? or * to list all spells.
Aiming: Sting
Press: ? - help, Shift-Dir - straight line, f - wolf
Aim: a wolf (moderately wounded)
The sting hits Grum.
Grum appears unharmed.
Grum is almost dead.
You constrict Grum. Grum hits you with a spear!
Unknown command.
You release your grip on Grum.
Grum stares intently and growls.
Grum hits you from afar with a spear!
* * * LOW HITPOINT WARNING * * *
You block the wolf's attack.
You see here an arrow.
Unknown command.
The wolf bites you.
You die...

#.! .. #.# [## #.#
.. #.# .# #
#.##.##.##.
##########........o.
#.......##..<†.)....
###### #.#
##(hg)##)#.#..#
.....##.####.@##.#
...
#......##.......#
##.#
#......##(....#.##
.#
#.....5....#...... #
#................##
#.....####.####..#
#.......#........#
#.
#.......#..#####..
##.####...####.##


You could see Grum and a wolf.

Vanquished Creatures
  Sigmund (D:6)
  Menkaure (D:4)
  2 ogres
  3 wolves (D:8)
  3 centaurs
  A bullfrog (D:6)
  4 killer bees (D:8)
  2 bullfrog zombies
  2 hounds
  3 iguanas
  5 orc priests
  5 orc wizards
  Jessica (D:2)
  2 worker ants
  Terence (D:3)
  A hound zombie (D:6)
  8 mummies (Ossuary)
  5 adders
  An adder skeleton (D:5)
  4 worms
  13 dart slugs
  6 leopard geckos
  20 orcs
  5 giant cockroaches
  A gnoll zombie (Ossuary)
  4 goblins
  3 hobgoblins
  9 jackals
  2 quokkas
  A ball python (D:3)
  8 bats
  3 frilled lizards
  2 hobgoblin zombies (Ossuary)
  8 kobolds
  4 kobold zombies (Ossuary)
  An orc zombie (Ossuary)
  5 rats
150 creatures vanquished.

Notes
Turn   | Place    | Note
-------+----------+-------------------------------------------
     0 | D:1      | dvd the Octopode Venom Mage began the quest for the Orb.
     0 | D:1      | Reached XP level 1. HP: 11/11 MP: 3/3
    72 | D:1      | Reached skill level 5 in Poison Magic
    72 | D:1      | Reached XP level 2. HP: 17/17 MP: 0/5
   735 | D:2      | Found an opulent altar of Gozag.
   752 | D:2      | Reached XP level 3. HP: 16/21 MP: 4/6
   930 | D:2      | Noticed Jessica
   937 | D:2      | Killed Jessica
   937 | D:2      | Reached XP level 4. HP: 27/27 MP: 3/7
   945 | D:2      | Learned a level 4 spell: Olgreb's Toxic Radiance
  1798 | D:3      | Noticed Terence
  1805 | D:3      | Killed Terence
  1955 | D:3      | Reached XP level 5. HP: 30/32 MP: 0/9
  2281 | D:3      | Reached skill level 1 in Conjurations
  2388 | D:3      | Reached skill level 6 in Poison Magic
  2557 | D:4      | Reached XP level 6. HP: 36/37 MP: 3/11
  2752 | D:4      | Noticed Menkaure
  2762 | D:4      | Killed Menkaure
  2762 | D:4      | Reached skill level 1 in Short Blades
  3035 | D:5      | Entered Level 5 of the Dungeon
  3227 | D:5      | Reached skill level 1 in Fighting
  3227 | D:5      | Reached XP level 7. HP: 43/43 MP: 5/13
  3335 | D:5      | Reached skill level 7 in Poison Magic
  3505 | D:5      | Found an iron altar of Okawaru.
  3570 | D:5      | Reached skill level 1 in Long Blades
  3620 | D:5      | Learned a level 5 spell: Venom Bolt
  4005 | D:6      | Found a white marble altar of Elyvilon.
  4030 | D:6      | Found a staircase to the Ecumenical Temple.
  4039 | Temple   | Entered the Ecumenical Temple
  4103 | D:6      | Noticed Sigmund
  4104 | D:6      | Found an ancient bone altar of Kikubaaqudgha.
  4107 | D:6      | Reached skill level 1 in Shields
  4107 | D:6      | Reached XP level 8. HP: 48/48 MP: 9/14
  4114 | D:6      | Killed Sigmund
  4114 | D:6      | Reached skill level 5 in Stealth
  4158 | D:6      | Noticed loralnil's ghost (novice GrSk)
  4360 | D:7      | Reached skill level 5 in Spellcasting
  4502 | D:7      | Found a sand-covered staircase.
  4511 | Ossuary  | Entered an ossuary
  4775 | D:7      | Gained mutation: One of your tentacles bears a spike. [potion of mutation]
  4775 | D:7      | Gained mutation: You possess an exceptional clarity of mind. [potion of mutation]
  4775 | D:7      | Gained mutation: You are frail. (-10% HP) [potion of mutation]
  4779 | D:7      | Lost mutation: One of your tentacles bears a spike. [potion of cure mutation]
  4779 | D:7      | Lost mutation: You are frail. (-10% HP) [potion of cure mutation]
  4779 | D:7      | Lost mutation: You possess an exceptional clarity of mind. [potion of cure mutation]
  4967 | D:7      | Found a glowing golden altar of the Shining One.
  4967 | D:7      | Found a radiant altar of Vehumet.
  4971 | D:7      | Became a worshipper of Vehumet
  5177 | D:8      | Found a sacrificial altar of Ru.
  5256 | D:8      | Noticed Grum
  5257 | D:8      | Reached skill level 8 in Poison Magic
  5261 | D:8      | Reached XP level 9. HP: 47/54 MP: 0/16
  5273 | D:8      | Slain by a wolf

Skill      XL: |  1  2  3  4  5  6  7  8 |
---------------+-------------------------+-----
Poison Magic   | 5 6 7 8 |  8.3
Stealth        | 3 4 5 |  5.1
Spellcasting   | 3 4 5 |  5.7
Conjurations   | 1 2 |  2.2
Short Blades   | 1 |  1.8
Fighting       | 1 2 |  2.2
Long Blades    | 1 4 |  4.5
Shields        | 1 3 |  3.4
Dodging        | 3 |  3.7

Action                   |  1- 3 |  4- 6 |  7- 9 || total
-------------------------+-------+-------+-------++-------
Melee: Short sword       |    20 |    42 |       ||    62
       Constrict         |     6 |    13 |    36 ||    55
       Tentacles         |     4 |     5 |    23 ||    32
       Unarmed           |     1 |       |       ||     1
       Long sword        |       |     4 |   114 ||   118
 Cast: Sting             |    26 |    59 |    13 ||    98
       Olgreb's Toxic Ra |       |    13 |    17 ||    30
  Use: Potion            |       |       |    14 ||    14
       Scroll            |       |       |    11 ||    11
 Stab: Sleeping          |     1 |     4 |     6 ||    11
       Distracted        |       |     1 |       ||     1
  Eat: Chunk             |       |    10 |     8 ||    18
Armor: Skin              |     2 |       |     9 ||    11
Dodge: Dodged            |    24 |    24 |    90 ||   138
Block: Buckler           |       |       |    43 ||    43
       Rpst.: Long sword |       |       |    38 ||    38
